 Dungeon Crawl Stone Soup version 0.19-a0-1170-g18f0c96 (webtiles) character file.

204 jacquesderrida the Cudgeler (level 5, -1/37 HPs)
             Began as a Minotaur Warper on Aug 18, 2016.
             Was an Initiate of Hepliaklqana.
             Slain by a giant frog skeleton (4 damage)
             ... on level 5 of the Dungeon.
             The game lasted 00:06:01 (1351 turns).

jacquesderrida the Cudgeler (Minotaur Warper)       Turns: 1351, Time: 00:06:03

Health: -1/37      AC:  6    Str: 14 (15) XL:     5   Next: 52%
Magic:  6/6        EV: 11    Int:  8 (10) God:    Hepliaklqana [......]
Gold:   69         SH:  0    Dex:  8 (11) Spells: 1 memorised, 5 levels left

rFire  . . .     SeeInvis .     q - +0 flail
rCold  . . .     Gourm    .     l - +0 ring mail
rNeg   . . .     Faith    .     (no shield)
rPois  +         Spirit   .     (helmet restricted)
rElec  .         Dismiss  .     u - +0 cloak
rCorr  .         Reflect  .     (no gloves)
MR     .....     Harm     .     (no boots)
Stlth  ..........               (no amulet)
                                (no ring)
                                o - ring of poison resistance

@: no status effects
A: retaliatory headbutt, horns 2
a: Recall Ancestor, Ancestor Identity, Renounce Religion


You were on level 5 of the Dungeon.
You worshipped Hepliaklqana.
Hepliaklqana was noncommittal.
You were full.

You visited 2 branches of the dungeon, and saw 6 of its levels.
You also visited: Ossuary.

You collected 69 gold pieces.

Inventory:

Hand Weapons
 a - a +0 mace
 g - a +0 whip of venom
 q - a +0 flail (weapon)
Missiles
 e - 5 tomahawks of dispersal (quivered)
Armour
 b - a +0 leather armour
 l - a +0 ring mail (worn)
 p - a +2 robe of magic resistance
 u - a +0 cloak (worn)
Jewellery
 o - a ring of poison resistance (left hand)
Wands
 s - a wand of slowing (23/48)
Scrolls
 d - a scroll of blinking
 h - 2 scrolls of teleportation {unknown}
 k - a scroll of remove curse {unknown}
 m - 2 scrolls of enchant armour {unknown}
 n - 2 scrolls of identify {unknown}
Books
 c - a book of Spatial Translocations

   Spells                             Type                      Level
   a - Apportation                    Translocation                1
   b - Blink                          Translocation                2
   c - Shroud of Golubria             Charms/Translocation         2
   d - Portal Projectile              Translocation                3
   e - Teleport Other                 Translocation                3
   f - Passage of Golubria            Translocation                4
 i - a book of Frost

   Spells                             Type                      Level
   a - Freeze                         Ice                          1
   b - Throw Frost                    Conjuration/Ice              2
   c - Ozocubu's Armour               Charms/Ice                   3
   d - Throw Icicle                   Conjuration/Ice              4
   e - Summon Ice Beast               Ice/Summoning                4
Comestibles
 f - 3 bread rations
 r - a meat ration


   Skills:
 + Level 2.4 Fighting
 + Level 7.0 Maces & Flails
 - Level 1.0 Throwing
 + Level 1.3 Armour
 + Level 2.1 Dodging
 - Level 1.3 Spellcasting
 - Level 2.1 Translocations


You had 5 spell levels left.
You knew the following spells:

 Your Spells              Type           Power        Failure   Level  Hunger
a - Apportation           Tloc           #.........   34%         1    ##.....


Dungeon Overview and Level Annotations

Branches:
Dungeon (5/15)             Temple (1/1) D:4

Altars:
Ashenzari
Cheibriados
Gozag
Hepliaklqana
Kikubaaqudgha
Nemelex Xobeh
Okawaru
Qazlal
Sif Muna
Trog
Zin


Innate Abilities, Weirdness & Mutations

You reflexively headbutt those who attack you in melee.
You have a pair of horns on your head.


Message History

The mummy hits Acephallos!
Acephallos is destroyed!
There is a gate leading back out of this place here.
Welcome back to the Dungeon!
The centaur shoots an arrow.
The arrow barely misses you.
The centaur shoots an arrow.
The arrow closely misses you. The orc barely misses you.
There is a collapsed entrance here.
Unknown command.
The orc hits you but does no damage. The orc hits you but does no damage.
Found a scale mail.
The centaur shoots an arrow.
The arrow hits you!
* * * LOW HITPOINT WARNING * * *
The centaur shoots an arrow.
The arrow hits you.
* * * LOW HITPOINT WARNING * * *
You see here an arrow.
Found a leather armour.
There is an escape hatch in the ceiling here.
The giant frog skeleton hits you.
You die...

#...#######....
#####.........#....
######>....(#...#.......
####...............#......
#...........##............
............##....c..##..
..####......##.#..#$.###
### #..........oZ.oo......
#......####@#####...c.
#......# #.# .... #......#
... .## .......# ..... #
.#..... # ###[....[ #
#....... .........


You could see a centaur, an orc priest, 2 orcs and a giant frog skeleton.

Vanquished Creatures
  A scorpion (D:4)
  2 orc wizards
  5 adders
  A worm (D:2)
  2 dart slugs
  A giant gecko (D:2)
  6 orcs
  3 bats (D:2)
  A giant cockroach (D:4)
  A gnoll zombie (Ossuary)
  3 goblins (D:2)
  5 hobgoblins
  4 jackals (D:3)
  2 quokkas
  A hobgoblin zombie (Ossuary)
  3 kobolds
  2 orc zombies (Ossuary)
  4 rats (D:2)
47 creatures vanquished.

Vanquished Creatures (collateral kills)
  A hobgoblin zombie (Ossuary)
  An orc zombie (Ossuary)
2 creatures vanquished.

Vanquished Creatures (others)
  An ancestor (Ossuary)
1 creature vanquished.

Grand Total: 50 creatures vanquished

Notes
Turn   | Place    | Note
-------+----------+-------------------------------------------
     0 | D:1      | jacquesderrida the Minotaur Warper began the quest for the Orb.
     0 | D:1      | Reached XP level 1. HP: 18/18 MP: 1/1
   254 | D:2      | Reached skill level 3 in Maces & Flails
   254 | D:2      | Reached XP level 2. HP: 16/25 MP: 3/3
   357 | D:3      | Reached skill level 4 in Maces & Flails
   386 | D:3      | Reached XP level 3. HP: 19/30 MP: 4/4
   512 | D:2      | Reached skill level 5 in Maces & Flails
   741 | D:3      | Reached XP level 4. HP: 37/37 MP: 5/5
   794 | D:4      | Reached skill level 6 in Maces & Flails
   891 | D:4      | Found a staircase to the Ecumenical Temple.
   895 | Temple   | Entered the Ecumenical Temple
   929 | Temple   | Became a worshipper of Hepliaklqana
   999 | D:4      | Reached XP level 5. HP: 34/37 MP: 6/6
  1111 | D:4      | Reached skill level 7 in Maces & Flails
  1196 | D:5      | Entered Level 5 of the Dungeon
  1222 | D:5      | Found a sand-covered staircase.
  1231 | D:5      | Noticed a centaur
  1236 | Ossuary  | Entered an ossuary
  1351 | D:5      | Slain by a giant frog skeleton

Vault maps used:
D:1:      mrwooster_arrival_statue_3, minmay_lizard_king
D:2:      dk_vineyard_2
D:3:      minmay_roachtagon
D:4:      serial_shops, nicolae_shop_trees
D:5:      first_bread, nicolae_ossuary_entry_ruins
Temple:   regret_index_temple_chain_breaker
Ossuary:  ossuary_tomb_3

Skill      XL: |  1  2  3  4  5 |
---------------+----------------+-----
Maces & Flails | 3 4 5 6 7 |  7.0
Fighting       | |  2.4
Throwing       | |  1.0
Armour         | |  1.3
Dodging        | |  2.1
Spellcasting   | |  1.3
Translocations | |  2.1

Action                   |  1- 3 |  4- 6 || total
-------------------------+-------+-------++-------
Melee: Whip              |    87 |    45 ||   132
       Mace              |     3 |       ||     3
       Headbutt          |    10 |    10 ||    20
       Flail             |       |    14 ||    14
Invok: Ancestor Identity |       |     1 ||     1
  Use: Potion            |       |     1 ||     1
  Eat: Meat ration       |       |     1 ||     1
       Chunk             |       |     1 ||     1
Armor: Leather armour    |     8 |       ||     8
       Ring mail         |    23 |    22 ||    45
Dodge: Dodged            |    36 |    26 ||    62
